 Dungeon Crawl Stone Soup version 0.31-a0-795-g5eb97db (webtiles) character file.

Game seed: 14276331478634520616

141 Abyss the Ruffian (level 5, 37/41 HPs)
             Began as a Draconian Shapeshifter on Sept 18, 2023.
             Was a Follower of Vehumet.
             Quit the game on level 4 of the Dungeon.
             The game lasted 00:20:34 (3173 turns).

Abyss the Ruffian (Draconian Shapeshifter)          Turns: 3173, Time: 00:20:35

Health: 37/41      AC:  5    Str: 18    XL:     5   Next: 3%
Magic:  10/14      EV: 12    Int: 11    God:    Vehumet [*.....]
Gold:   112        SH:  0    Dex: 10    Spells: 2/4 levels left

rFire   . . .        k - +2 dagger (freeze)
rCold   . . .        (no shield)
rNeg    . . .        (body armour unavailable)
rPois   .            (helmet currently unavailable)
rElec   .            (cloak currently unavailable)
rCorr   .            (gloves currently unavailable)
SInv    .            (boots currently unavailable)
Will    .....        q - amulet of guardian spirit
Stlth   +            h - ring of magical power
HPRegen 0.26/turn    (no ring)
MPRegen 0.14/turn

%: guardian spirit
@: beast-form
A: beast (slay +2), AC +5, unfitting armour, cold-blooded
a: Begin Untransformation, Renounce Religion


You were on level 4 of the Dungeon.
You worshipped Vehumet.
Vehumet was aware of your devotion.
You were a hulking beast.
You visited 1 branch of the dungeon, and saw 4 of its levels.

You collected 112 gold pieces.

Inventory:

Hand Weapons
 k - a +2 dagger of freezing (weapon)
Missiles
 g - 2 poisoned darts
Armour
 d - the +0 robe of Putass {Int+6}
   (You took it off an orc on level 3 of the Dungeon)

   Int+6:     It affects your intelligence (+6).
 f - a +0 leather armour
 n - a +0 pair of boots
Jewellery
 h - a ring of magical power (left hand)
 j - a ring of flight
 q - an amulet of guardian spirit (around neck)
Talismans
 b - a beast talisman (active)
 c - a flux talisman
Wands
 s - a wand of charming (4)
Scrolls
 m - a scroll of poison
Potions
 a - a potion of lignification
 e - a potion of ambrosia {unknown}
 i - a potion of degeneration
 o - a potion of invisibility {unknown}
 p - a potion of mutation {unknown}


   Skills:
 * Level 1.8 Fighting
 + Level 1.6 Short Blades
 + Level 2.7 Dodging
 + Level 4.0 Unarmed Combat
 + Level 3.5 Shapeshifting


You had 2 spell levels left.
You knew the following spells:

 Your Spells              Type           Power      Damage    Failure   Level
a - Kiss of Death         Conj/Necr      0%         2d5       34%         1
b - Freeze                Ice            0%         1d3       34%         1

Your spell library contained the following spells:

 Spells                   Type           Power      Damage    Failure   Level
 Frozen Ramparts          Ice            0%         1d1       71%         3
 Hailstorm                Conj/Ice       0%         3d3       71%         3
 Summon Guardian Golem    Hex/Summ       0%         N/A       71%         3
 Orb of Destruction       Conj           0%         9d5       100%        7
 Spellforged Servitor     Conj/Summ      0%         N/A       100%        7


Dungeon Overview and Level Annotations

Branches:
Dungeon (4/15)
 Temple: D:4-7

Altars:
Vehumet
Xom


Innate Abilities, Weirdness & Mutations

You are a hulking beast.
Your limbs bulge with bestial killing power. (Slay +2)
Your plain brown scales are hard. (AC +5)
You cannot fit into any form of body armour.
You are cold-blooded and may be slowed by cold attacks.


Message History

A crimson imp comes into view.
The crimson imp shouts!
The crimson imp blinks!
Okay, then.
Okay, then.
Okay, then.
The crimson imp completely misses you.
You start memorising the spell.
You continue memorising.
The crimson imp closely misses you.
You finish memorising.
Spell assigned to 'b'.
A crimson imp is nearby!
A crimson imp is nearby!
The crimson imp hits you.
Okay, then.
Nothing quivered!
Okay, then.
The crimson imp hits you. The crimson imp closely misses you.
You hit the crimson imp. You freeze the crimson imp.
Your tail-slap misses the crimson imp.
The crimson imp is heavily wounded.
The crimson imp hits you.
You miss the crimson imp.
The crimson imp is heavily wounded.
The crimson imp hits you.
You puncture the crimson imp! You freeze the crimson imp.
You kill the crimson imp!
Vehumet accepts your kill.
Your Short Blades skill increases to level 1!
You have reached level 5!
Okay, then.
Press: ? - help, v - describe, . - travel The floor.
Are you sure you want to abandon this character and quit the game? (Confirm with "yes".)

... #.# #.# #.#
##### #.# #.#.#
####.####.#^#
#.......#...#
#.#####.'._.+
#.#...###.h.#
#......##.#.#
##.......#.#.#
..............#####
######.......<#
#........#
#..#......#
#..........#
..............


There were no monsters in sight!

Vanquished Creatures
  A crimson imp (D:4)
  Robin (D:3)
  3 adders (D:2)
  A worm (D:3)
  A dart slug (D:3)
  4 orcs (D:3)
  5 bats
  8 endoplasms
  5 giant cockroaches
  9 goblins
  3 hobgoblins
  A quokka (D:2)
  2 ball pythons
  5 frilled lizards
  4 kobolds
  7 rats
60 creatures vanquished.

Notes
Turn   | Place    | Note
-------+----------+-------------------------------------------
     0 | D:1      | Abyss the Draconian Shapeshifter began the quest for the
                  | Orb.
     0 | D:1      | Reached XP level 1. HP: 16/16 MP: 1/1
   348 | D:1      | Reached XP level 2. HP: 23/23 MP: 2/2
  1113 | D:2      | Found a radiant altar of Vehumet.
  1143 | D:2      | Reached XP level 3. HP: 5/28 MP: 3/3
  1250 | D:2      | Became a worshipper of Vehumet
  1646 | D:2      | Reached skill level 4 in Unarmed Combat
  2122 | D:3      | Reached XP level 4. HP: 31/35 MP: 4/4
  2268 | D:3      | Noticed Robin
  2363 | D:3      | Killed Robin
  2411 | D:3      | Identified the +0 robe of Putass {Int+6}
  2416 | D:3      | Reached * piety under Vehumet
  2416 | D:3      | Offered knowledge of Kiss of Death by Vehumet.
  2423 | D:3      | Learned a level 1 spell: Kiss of Death
  3160 | D:4      | Found a shimmering altar of Xom.
  3167 | D:4      | Learned a level 1 spell: Freeze
  3173 | D:4      | Reached skill level 1 in Short Blades
  3173 | D:4      | Reached XP level 5. HP: 37/41 MP: 5/5
  3173 | D:4      | Quit the game

Illustrated notes

Levels and vault maps discovered:
D:1:      elethiomel_arrival_fortress_basement, layout_basic
D:2:      layout_loops_ring, basic_altar
D:3:      layout_basic, kennysheep_minor_cross, uniq_robin
D:4:      layout_loops_ring, led_xom_imps, kennysheep_little_box,
          amcnicky_altar_gilded, minivault_24, minmay_misc_feat_nine_boxes

Skill      XL: |  1  2  3  4 |
---------------+-------------+-----
Dodging        | 2 |  2.7
Unarmed Combat | 4 |  4.0
Short Blades   | 1 |  1.6
Fighting       | |  1.8
Shapeshifting  | |  3.5

Action                     |  1- 3 |  4- 6 || total
---------------------------+-------+-------++-------
  Melee: Unarmed           |    15 |       ||    15
         Tailslap          |    12 |    11 ||    23
         Punch             |     3 |       ||     3
         Dagger            |   115 |    66 ||   181
  Evoke: Wand              |       |     2 ||     2
    Use: Scroll            |     1 |     8 ||     9
         Potion            |       |     1 ||     1
 Armour: Skin              |    88 |    86 ||   174
  Dodge: Dodged            |   128 |    58 ||   186

Table legend: (Time is in decaauts)
 A = Elapsed time spent in this place.
 B = Non-inter-level travel time spent in this place.
 C = Inter-level travel time spent in this place.
 D = Time resting spent in this place.
 E = Time spent auto-exploring this place.
 F = Levels seen in this place.
 G = Mean time per level.
                   A        B        C        D        E       F      G
               +--------+--------+--------+--------+--------+-----+--------+
         Total |   3170 |   3152 |     18 |     92 |    588 |   4 |  792.5 |
       Dungeon |   3170 |   3152 |     18 |     92 |    588 |   4 |  792.5 |
               +--------+--------+--------+--------+--------+-----+--------+

Top non-repeatable levels by time:
     D:3: 1228 daAuts
     D:1: 1043 daAuts
     D:2: 866 daAuts
     D:4: 32 daAuts
